Map: Terraform LE (Void)

Players

Kelazhur - Winner!

  • Race: Terran Terran
  • League: Gold

Arthur

  • Race: Protoss Protoss
  • League: Diamond

Event: ASL Season 5 Prime League LOTV Beta

VOD

Have the link to the VOD?

Description

Time

  • Played on: Sept. 7, 2015, 11:07 p.m.
  • Length: 7:00

All games in this series

Show
View Real Time Build Order
Export as new Build Order

Kelazhur Terran - Winner!

Build Orders:  

Get SALT Encoding   

  12  0:00  SCV  
  13  0:12  SCV  
  14  0:17  Supply Depot  
  14  0:25  SCV  
  15  0:39  SCV  
  15  0:40  Barracks  
  16  0:47  Refinery  
  16  0:51  SCV  
  16  0:53  Refinery  
  17  1:03  SCV  
  18  1:15  SCV  
  19  1:28  Orbital Command  
  20  1:33  Ghost Academy  
  20  1:37  Barracks Tech Lab  
  19  1:45  Supply Depot  
  19  2:00  SCV  
  20  2:02  Ghost  
  22  2:14  Personal Cloaking  
  22  2:16  SCV  
  23  2:28  SCV  
  24  2:33  Ghost  
  26  2:40  SCV  
  26  2:41  Supply Depot  
  27  2:52  SCV  
  28  3:02  Ghost  
  28  3:04  SCV  
  31  3:15  Supply Depot  
  31  3:16  SCV  
  32  3:28  SCV  
  32  3:30  Ghost  
  33  3:51  SCV  
  34  3:59  Ghost  
  36  4:04  Command Center  
  36  4:09  SCV  
  35  4:21  SCV  
  36  4:27  Ghost  
  36  4:28  Barracks  
  36  4:31  Barracks  
  38  4:34  SCV  
  39  4:48  SCV  
  39  4:52  Barracks x2  
  40  4:53  Supply Depot  
  40  4:56  Ghost  
  40  5:00  SCV  
  39  5:12  SCV  
  40  5:16  Orbital Command  
  40  5:18  Bunker  
  40  5:23  Barracks Reactor x2  
  40  5:26  SCV  
  41  5:30  Marauder  
  43  5:36  Engineering Bay  
  43  5:42  SCV  
  44  5:47  Marine x2  
  45  5:51  Marine  
  44  5:58  SCV  
  44  6:01  Marine x4  
  44  6:04  SCV, Marine  
  48  6:05  Marine  
  48  6:09  Marine  
  48  6:10  SCV  
  46  6:16  SCV  
  44  6:18  Marine  
  44  6:19  Marine x3  
  44  6:22  Marine  
  44  6:25  Marine  
  50  6:28  SCV, Marine  
  52  6:36  SCV, Marine  
  52  6:37  Marine x2  
  56  6:40  SCV  
  54  6:48  SCV  
Show
View Real Time Build Order
Export as new Build Order

Arthur Protoss 

Build Orders: Oracle Opening 

Get SALT Encoding   

  12  0:00  Probe (Chrono Boost)  
  13  0:13  Pylon  
  13  0:17  Probe (Chrono Boost)  
  14  0:27  Probe (Chrono Boost)  
  15  0:33  Gateway  
  15  0:37  Probe (Chrono Boost)  
  16  0:47  Probe (Chrono Boost)  
  16  0:49  Assimilator  
  17  0:57  Probe (Chrono Boost)  
  17  1:00  Pylon  
  18  1:07  Probe (Chrono Boost)  
  19  1:18  Probe (Chrono Boost)  
  20  1:21  Cybernetics Core  
  20  1:28  Probe (Chrono Boost)  
  21  1:38  Probe (Chrono Boost)  
  22  1:42  Assimilator  
  22  1:48  Probe (Chrono Boost)  
  23  1:58  Stalker  
  26  2:08  Mothership Core (Chrono Boost)  
  27  2:17  Nexus  
  27  2:25  Probe (Chrono Boost)  
  28  2:30  Warp Gate  
  28  2:36  Probe (Chrono Boost), Pylon  
  31  2:46  Probe (Chrono Boost)  
  31  2:48  Stargate  
  30  2:56  Probe (Chrono Boost)  
  31  3:04  Pylon  
  31  3:06  Probe (Chrono Boost), Adept  
  34  3:16  Probe (Chrono Boost)  
  35  3:23  Pylon  
  35  3:26  Probe (Chrono Boost)  
  36  3:28  Probe (Chrono Boost)  
  36  3:30  Oracle (Chrono Boost)  
  40  3:37  Probe  
  38  3:50  Robotics Facility  
  38  3:52  Probe x2 (Chrono Boost)  
  36  4:02  Probe  
  35  4:04  Probe  
  35  4:12  Probe  
  35  4:16  Probe (Chrono Boost)  
  37  4:17  Oracle (Chrono Boost)  
  37  4:24  Probe (Chrono Boost)  
  37  4:28  Probe (Chrono Boost)  
  37  4:34  Probe (Chrono Boost), Observer  
  34  4:38  Probe (Chrono Boost)  
  31  4:46  Probe  
  31  4:50  Probe  
  30  5:08  Adept  
  30  5:12  Oracle (Chrono Boost)  
  34  5:28  Gateway  
  34  5:30  Adept  
  36  5:45  Observer  
  32  5:57  Zealot  
  32  5:58  Probe  
  32  5:59  Probe  
  20  6:23  Adept  
  20  6:24  Probe  
Tags
 
Add a new tag
Caveats
  • Supply blocks, unpowered buildings, or Contaminate may cause inaccurate times.
  • Supply counts are checked every 10 seconds.